 Dungeon Crawl Stone Soup version 0.25-b1-37-g2669288c55 (webtiles) character file.

Game seed: 9878357558207686175

1153 HoaS the Grappler (level 8, -6/52 HPs)
             Began as a Gargoyle Berserker on June 5, 2020.
             Was an Elder of Trog.
             Mangled by an orc warrior
             ... wielding a +0 scimitar
              (16 damage)
             ... on level 5 of the Dungeon.
             The game lasted 00:09:15 (4996 turns).

HoaS the Grappler (Gargoyle Berserker)              Turns: 4996, Time: 00:09:16

Health: -6/52      AC: 15    Str: 22    XL:     8   Next: 38%
Magic:  8/8        EV: 10    Int:  9    God:    Trog [****..]
Gold:   299        SH:  0    Dex:  9    Spells: 7/7 levels left

rFire    . . .     SeeInvis .     - Unarmed
rCold    . . .     Gourm    .   (no shield)
rNeg     + . .     Faith    .   d - +0 scale mail
rPois    ∞         Spirit   .   o - +0 helmet
rElec    +         Reflect  .   (no cloak)
rCorr    .         Harm     .   t - +0 pair of gloves
MR       .....                  q - +0 pair of boots
Stlth    ..........             (no amulet)
HPRegen  0.17/turn              e - ring of flight
MPRegen  0.11/turn              (no ring)

@: confused
A: negative energy resistance 1, electricity resistance, unbreathing,
petrification resistance, rot immunity, AC +5
a: Berserk, Trog's Hand, Brothers in Arms, Renounce Religion, Evoke Flight


You were on level 5 of the Dungeon.
You worshipped Trog.
Trog was greatly pleased with you.
You were very hungry.

You visited 1 branch of the dungeon, and saw 5 of its levels.
You also visited: Sewer.

You collected 299 gold pieces.

Inventory:

Armour
 d - a +0 scale mail (worn)
 o - a +0 helmet (worn)
 q - a +0 pair of boots (worn)
 t - a +0 pair of gloves (worn)
Jewellery
 e - a ring of flight (left hand)
 i - an uncursed ring of ice {unknown}
Wands
 c - a wand of clouds (7)
 r - a wand of polymorph (11)
 s - a wand of iceblast (6)
Scrolls
 a - a scroll of identify
 f - 4 scrolls of teleportation
 g - 3 scrolls of remove curse
 n - a scroll of blinking
Potions
 h - a potion of flight {unknown}
 j - a potion of heal wounds {unknown}
 k - 2 potions of haste
 l - a potion of invisibility {unknown}
 m - 2 potions of lignification
 p - a potion of curing
 u - a potion of cancellation {unknown}
Comestibles
 b - 8 rations


   Skills:
 + Level 6.9 Fighting
 - Level 2.1 Armour
 - Level 1.5 Dodging
 * Level 8.5 Unarmed Combat


You had 7 spell levels left.
You didn't know any spells.
Your spell library was empty.

Dungeon Overview and Level Annotations

Branches:
Dungeon (5/15)              Sewer (visited)
 Temple: D:4-7

Altars:
Cheibriados
Gozag
Nemelex Xobeh
The Shining One

Shops:
D:4 !   D:5 (


Innate Abilities, Weirdness & Mutations

You are resistant to torment.
Your stone body is resilient. (AC +5)
You are immune to poison.
You resist negative energy. (rN+)
You are resistant to electric shocks. (rElec)
You can survive without breathing.
You are immune to petrification.
You are immune to rotting.


Message History

The orc warrior hits you with a +0 scimitar!
* * * LOW HITPOINT WARNING * * *
You're too confused!
You barely miss the orc warrior.
The orc warrior is severely wounded.
Something hits you but does no damage.
The orc warrior hits you with a +0 scimitar.
* * * LOW HITPOINT WARNING * * *
The worker ant twitches its antennae in your direction.
You hit the orc warrior but do no damage.
The orc warrior is severely wounded.
Something hits you but does no damage.
You bump into the rock wall.
The orc warrior hits you but does no damage.
Something hits you but does no damage.
You miss the orc warrior.
The orc warrior is severely wounded.
Something hits you but does no damage.
The orc warrior hits you with a +0 scimitar!
You die...

##..## ###..## .... ...
........ ... .$#
........ ... ..#
.......#. ..#..#
......).. #....##
......... .....# ..
.........## #{...#..#
..........### #@..a..#
....>.......####o....##
.................###.#
................## .#
.#........#.....#
...........##...#
.........).##...#
###.........##..#
###.............


You could see an orc warrior and a worker ant.

Vanquished Creatures
  Grinder (D:3)
  Eustachio (D:4)
  A sky beast (D:5)
  Purgy (Sewer)
  A centaur (D:5)
  A howler monkey (D:3)
  A crimson imp (D:4)
  An orc priest (D:4)
  A hound (D:4)
  Ijyb (D:3)
  Natasha (thrice) (D:2)
  An iguana (D:4)
  Terence (D:3)
  An orc wizard (D:3)
  A worker ant (D:4)
  A hound skeleton (D:3)
  Robin (D:3)
  7 adders
  An ooze (D:2)
  An adder skeleton (D:5)
  3 worms
  A dart slug (D:1)
  6 leopard geckos
  10 orcs
  6 bats
  6 giant cockroaches
  16 goblins
  13 hobgoblins
  8 jackals (D:3)
  8 kobolds
  3 ball pythons
  7 frilled lizards
  A goblin zombie (D:4)
  2 hobgoblin zombies (D:4)
  An orc skeleton (D:4)
  2 orc zombies (D:4)
  13 rats
134 creatures vanquished.

Notes
Turn   | Place    | Note
-------+----------+-------------------------------------------
     0 | D:1      | HoaS the Gargoyle Berserker began the quest for the Orb.
     0 | D:1      | Reached XP level 1. HP: 14/14 MP: 1/1
   139 | D:1      | Reached XP level 2. HP: 18/19 MP: 2/2
   582 | D:1      | Reached XP level 3. HP: 18/24 MP: 3/3
   743 | D:1      | Reached ** piety under Trog
  1182 | D:2      | Reached skill level 4 in Unarmed Combat
  1204 | D:2      | Noticed Natasha
  1213 | D:2      | Killed Natasha
  1213 | D:2      | Reached XP level 4. HP: 20/29 MP: 4/4
  1526 | D:2      | Noticed Natasha
  1533 | D:2      | Killed Natasha
  1645 | D:2      | Noticed Natasha
  1653 | D:2      | Killed Natasha
  1653 | D:2      | Reached XP level 5. HP: 31/34 MP: 5/5
  1662 | D:2      | Reached skill level 5 in Unarmed Combat
  2398 | D:3      | Found a glowing drain.
  2403 | Sewer    | Entered a sewer
  2406 | Sewer    | Noticed Purgy
  2414 | Sewer    | Killed Purgy
  2414 | Sewer    | Reached skill level 5 in Fighting
  2414 | Sewer    | Reached XP level 6. HP: 40/40 MP: 6/6
  2689 | D:3      | Noticed Terence
  2713 | D:3      | Killed Terence
  2713 | D:3      | Reached skill level 6 in Unarmed Combat
  2945 | D:3      | Reached *** piety under Trog
  3241 | D:3      | Noticed Robin
  3277 | D:3      | Killed Robin
  3580 | D:3      | Noticed Grinder
  3607 | D:3      | Killed Grinder
  3607 | D:3      | Reached skill level 7 in Unarmed Combat
  3607 | D:3      | Reached XP level 7. HP: 45/45 MP: 7/7
  3681 | D:3      | Noticed Ijyb
  3689 | D:3      | Killed Ijyb
  3889 | D:3      | Found a sparkling altar of Nemelex Xobeh.
  4113 | D:4      | Noticed Eustachio
  4314 | D:4      | Reached **** piety under Trog
  4372 | D:4      | Killed Eustachio
  4372 | D:4      | Reached skill level 8 in Unarmed Combat
  4372 | D:4      | Reached XP level 8. HP: 49/52 MP: 8/8
  4474 | D:4      | Found a glowing golden altar of the Shining One.
  4521 | D:4      | Found Mialamosch's Distillery.
  4578 | D:4      | Found an opulent altar of Gozag.
  4749 | D:5      | Entered Level 5 of the Dungeon
  4816 | D:5      | Found a snail-covered altar of Cheibriados.
  4836 | D:5      | Found Miusk's Weapon Shop.
  4996 | D:5      | Mangled by an orc warrior

Illustrated notes

Levels and vault maps discovered:
D:1:      minmay_arrival_four_loops, layout_basic
D:2:      layout_basic, uniq_natasha
D:3:      layout_loops_corners, marbit_many_paths, gup_sewer_entry_bowl,
          first_ration, chequers_decorated_corner, minmay_joined_circles,
          uniq_ijyb, uniq_terence, uniq_grinder, uniq_robin
D:4:      layout_basic, nicolae_tso_besieged_by_evil, serial_shops, shop,
          nicolae_gozag_cash_rules_everything_around_me, uniq_eustachio
D:5:      layout_layer_cave, makhleb_heckhound_becter, cheibriados_altar_1,
          gammafunk_temple_overflow_wave, serial_shops, shop

Skill      XL: |  1  2  3  4  5  6  7 |
---------------+----------------------+-----
Unarmed Combat | 4 5 7 8 |  8.5
Fighting       | 4 5 6 |  6.9
Armour         | |  2.1
Dodging        | |  1.5

Action                   |  1- 3 |  4- 6 |  7- 9 || total
-------------------------+-------+-------+-------++-------
Melee: Unarmed           |   118 |   264 |   177 ||   559
       Punch             |       |     4 |     5 ||     9
Invok: Berserk           |       |     1 |       ||     1
       Trog's Hand       |       |     1 |     1 ||     2
  Use: Scroll            |       |     8 |     3 ||    11
  Eat: Chunk             |     1 |     9 |     4 ||    14
Armor: Animal skin       |    23 |       |       ||    23
       Leather armour    |    13 |    43 |       ||    56
       Scale mail        |       |    66 |   190 ||   256
Dodge: Dodged            |    59 |   130 |   177 ||   366
